 Dungeon Crawl Stone Soup version 0.30-a0-475-g03497ec522 (webtiles) character file.

Game seed: 18003638351659555457

161 StrungSween10 the Trooper (level 5, -7/46 HPs)
             Began as a Hill Orc Fighter on Dec 20, 2022.
             Was an Initiate of Vehumet.
             Killed by divine providence
             ... invoked by an orc priest
              (11 damage)
             ... on level 4 of the Dungeon.
             The game lasted 00:13:50 (3235 turns).

StrungSween10 the Trooper (Hill Orc Fighter)        Turns: 3235, Time: 00:13:50

Health: -7/46      AC:  9    Str: 21    XL:     5   Next: 42%
Magic:  5/5        EV:  7    Int:  8    God:    Vehumet [......]
Gold:   108        SH:  4    Dex: 10    Spells: 4/4 levels left

rFire   . . .      SeeInvis .    a - +1 flail
rCold   . . .      Faith    +    c - +0 buckler
rNeg    . . .      Spirit   .    r - +0 chain mail
rPois   .          Reflect  .    (no helmet)
rElec   .          Harm     .    o - scarf {repulsion}
rCorr   .          Rampage  .    (no gloves)
Will    .....                    (no boots)
Stlth   ..........               i - amulet of faith
HPRegen 0.27/turn                (no ring)
MPRegen 0.09/turn                (no ring)

@: repel missiles
A: no striking features
a: Renounce Religion, Convert to Beogh


You were on level 4 of the Dungeon.
You worshipped Vehumet.
Vehumet was noncommittal.
You visited 1 branch of the dungeon, and saw 4 of its levels.

You collected 108 gold pieces.

Inventory:

Hand Weapons
 a - a +1 flail (weapon)
 j - a +0 mace
Armour
 b - a +0 scale mail
 c - a +0 buckler (worn)
 f - a +0 scale mail
 o - a scarf of repulsion (worn)
 r - a +0 chain mail (worn)
Jewellery
 i - an amulet of faith (around neck)
Scrolls
 g - a scroll of amnesia
 k - a scroll of teleportation
 n - a scroll of immolation
Potions
 d - a potion of might
 e - a potion of attraction
 h - a potion of flight
 l - a potion of invisibility
 m - a potion of curing {unknown}
 p - a potion of mutation {unknown}


   Skills:
 + Level 4.2 Fighting
 + Level 4.1 Maces & Flails
 + Level 4.1 Armour
 + Level 0.3 Dodging
 + Level 0.2 Stealth
 + Level 4.1 Shields


You had 4 spell levels left.
You didn't know any spells.
Your spell library contained the following spells:

 Spells                   Type           Power      Damage    Failure   Level
 Ensorcelled Hibernation  Hex/Ice        0%         N/A       100%        2
 Ignite Poison            Fire/Tmut/Pois 0%         N/A       100%        3
 Kindle Blastsparks       Fire/Tloc/Air  0%         2d10      100%        3
 Spider Form              Tmut/Pois      0%         N/A       100%        3
 Anguish                  Hex/Necr       0%         N/A       100%        4
 Freezing Cloud           Conj/Ice/Air   0%         6-21      100%        5


Dungeon Overview and Level Annotations

Branches:
Dungeon (4/15)
 Temple: D:4-7

Altars:
Vehumet


Message History

You kill the orc!
Vehumet accepts your kill.
You barely miss the orc priest.
The orc priest calls down the wrath of Beogh upon you.
Beogh smites you!
You closely miss the orc priest.
The orc priest looks encouraged for a moment.
You hit the orc priest.
The orc priest shouts, "Surrender to Beogh and we'll let you live!"
The orc priest is lightly wounded.
The orc priest hits you with a +0 club.
You closely miss the orc priest.
The orc priest is lightly wounded.
The orc priest invokes the aid of Beogh against you.
Beogh smites you! The orc priest closely misses you.
You sock the orc priest!
The orc priest is severely wounded.
The orc priest shouts, "Join the one true god or die!"
The orc priest hits you but does no damage.
You closely miss the orc priest.
The orc priest is severely wounded.
The orc priest miscasts a cantrip.
You hit the orc priest but do no damage.
The orc priest is severely wounded.
The orc priest hits you with a +0 club.
The orc priest shouts, "Join the one true god or die!"
You hit the orc priest.
The orc priest is almost dead.
The orc priest hits you with a +0 club.
You closely miss the orc priest.
The orc priest is almost dead.
The orc priest completely misses you.
The orc priest calls down the wrath of Beogh upon you.
Beogh smites you!
* * * LOW HITPOINT WARNING * * *
You closely miss the orc priest.
The orc priest is almost dead.
The orc priest mumbles some strange prayers to Beogh against you.
Beogh smites you!
You die...

### #.## ##@# #o##
##.## #..#
###########)##
.............##
..............##
......o.o.........
........<....####.


You could see an orc priest.

Vanquished Creatures
  Jessica (D:2)
  An orc wizard (D:3)
  A gnoll (D:1)
  3 adders (D:2)
  3 worms
  2 dart slugs (D:2)
  6 orcs
  5 endoplasms
  3 giant cockroaches (D:2)
  3 goblins
  2 hobgoblins
  7 jackals
  A quokka (D:1)
  4 ball pythons
  4 bats
  3 frilled lizards
  5 kobolds
  3 rats
57 creatures vanquished.

Notes
Turn   | Place    | Note
-------+----------+-------------------------------------------
     0 | D:1      | StrungSween10 the Hill Orc Fighter began the quest for the
                  | Orb.
     0 | D:1      | Reached XP level 1. HP: 19/19 MP: 1/1
    22 | D:1      | Reached XP level 2. HP: 22/27 MP: 2/2
   740 | D:1      | Reached XP level 3. HP: 33/33 MP: 3/3
  1013 | D:2      | Noticed Jessica
  1035 | D:2      | Killed Jessica
  1036 | D:2      | Reached XP level 4. HP: 20/40 MP: 4/4
  2473 | D:3      | Found a radiant altar of Vehumet.
  2499 | D:3      | Reached XP level 5. HP: 39/46 MP: 5/5
  2509 | D:3      | Became a worshipper of Vehumet
  3235 | D:4      | Killed from afar by an orc priest

Illustrated notes

Levels and vault maps discovered:
D:1:      erik_arrival_triangle_large, layout_loops_ring
D:2:      layout_loops_ring, uniq_jessica
D:3:      layout_rooms, mainiacjoe_overflow_six_doors_small
D:4:      layout_cave_pods, nicolae_overflow_crystal_walls

Skill      XL: |  1  2  3  4  5 |
---------------+----------------+-----
Fighting       | 4 |  4.2
Maces & Flails | 3 4 |  4.1
Armour         | 4 |  4.1
Shields        | 4 |  4.1
Dodging        | |  0.3
Stealth        | |  0.2

Action                   |  1- 3 |  4- 6 || total
-------------------------+-------+-------++-------
Melee: Flail             |    63 |   143 ||   206
  Use: Scroll            |     3 |     6 ||     9
       Potion            |       |     1 ||     1
Armor: Scale mail        |    44 |    86 ||   130
       Chain mail        |       |     2 ||     2
Dodge: Dodged            |    18 |    81 ||    99
Block: Buckler           |    21 |    37 ||    58

Table legend: (Time is in decaauts)
 A = Elapsed time spent in this place.
 B = Non-inter-level travel time spent in this place.
 C = Inter-level travel time spent in this place.
 D = Time resting spent in this place.
 E = Time spent auto-exploring this place.
 F = Levels seen in this place.
 G = Mean time per level.
                   A        B        C        D        E       F      G
               +--------+--------+--------+--------+--------+-----+--------+
         Total |   3290 |   3224 |     66 |   1220 |   1118 |   4 |  822.5 |
       Dungeon |   3290 |   3224 |     66 |   1220 |   1118 |   4 |  822.5 |
               +--------+--------+--------+--------+--------+-----+--------+

Top non-repeatable levels by time:
     D:2: 1475 daAuts
     D:1: 1030 daAuts
     D:3: 752 daAuts
     D:4: 32 daAuts
